Cogmind - Beta 10.2 *** ADVENTURER MODE // 2022.02.27 @ 02:34:19 Player: woegarden Result: Destroyed by D-53 Grenadier with Mini Grenade Launcher Performance ------------- Evolutions (0) 0 Regions Visited (4) 800 Robots Destroyed (19) 95 Value Destroyed (457) 457 Prototype IDs (23) 460 Alien Tech Used (0) 0 Bonus (300) 300 TOTAL SCORE: 2112 Bonus ------- Aligned with FarCom 300 Cogmind --------- Core Integrity 0/250 Matter 272/300 Energy 100/100 System Corruption 0% Temperature Cool (0) Movement Treading (200) Ox2 Location -9/Mines Parts ------- > --- POWER (1) -------- (None) > --- PROPULSION (2) --- Light Treads > --- UTILITY (2) ------ Large Storage Unit High-capacity Storage Unit > --- WEAPON (2) ------- (None) > --- INVENTORY (18) --- Light Nuclear Core Light Treads Aluminum Leg Aluminum Leg Aluminum Leg Aluminum Leg Small Storage Unit Thief Drone Bay AWS/Gauss Peak State ------------ > --- POWER ------------ Ion Engine > --- PROPULSION ------- Light Treads Light Treads > --- UTILITY ---------- Large Storage Unit High-capacity Storage Unit > --- WEAPON ----------- Particle Gun Grenade Launcher > --- INVENTORY -------- Light Nuclear Core Light Treads Aluminum Leg Aluminum Leg Aluminum Leg Aluminum Leg Small Storage Unit Thief Drone Bay AWS/Gauss [Rating: 11] Favorites ----------- Power Ion Engine Engine Ion Engine Propulsion Aluminum Leg Treads Light Treads Leg Aluminum Leg Utility Small Storage Unit Storage Small Storage Unit Weapon Assault Rifle Energy Gun Particle Gun Ballistic Gun Assault Rifle Launcher Grenade Launcher Build | -11 -10 -10 -10 -9 ------- Run | Scr Mat Min Exi Min Slots Evolved . | . . . . . Power . | . . . . . Propulsion . | . . . . . Utility . | . . . . . Weapon . | . . . . . Parts Attached 18 | 7 3 3 5 . Power 2 | 1 . 1 . . Engine 2 | 1 . 1 . . Core . | . . . . . Reactor . | . . . . . Propulsion 6 | 2 2 1 1 . Treads 2 | . . 1 1 . Leg 4 | 2 2 . . . Wheel . | . . . . . Hover . | . . . . . Flight . | . . . . . Utility 4 | 2 . . 2 . Device . | . . . . . Storage 4 | 2 . . 2 . Processor . | . . . . . Hackware . | . . . . . Protection . | . . . . . Artifact . | . . . . . Weapon 6 | 2 1 1 2 . Energy Gun 3 | 1 . 1 1 . Energy Cannon . | . . . . . Ballistic Gun 2 | 1 1 . . . Ballistic Cannon . | . . . . . Launcher 1 | . . . 1 . Special Weapon . | . . . . . Impact Weapon . | . . . . . Slashing Weapon . | . . . . . Piercing Weapon . | . . . . . Special Melee Weapon . | . . . . . Unidentified Prototypes . | . . . . . Parts Lost 8 | . 2 2 . 4 Power 2 | . . 1 . 1 Propulsion 2 | . . 1 . 1 Utility . | . . . . . Weapon 4 | . 2 . . 2 Highest Loss Streak 4 | . 1 2 . 4 Average Slot Usage (%) 94 | . 95 85 100 97 Engine 13 | . 14 13 14 13 Treads 12 | . . . 24 28 Leg 14 | . 28 25 3 . Storage 28 | . 28 28 28 28 Energy Gun 8 | . 4 1 14 12 Ballistic Gun 9 | . 19 14 3 . Launcher 5 | . . . 10 13 Naked Turns . | . . . . . Heaviest Build 59 | 15 15 18 59 59 Greatest Support 40 | 3 20 20 40 40 Greatest Overweight (x) 4 | 4 4 4 1 1 Average Overweight (x) 1 | 2 3 3 . 1 Largest Inventory Capacity 18 | 8 8 8 18 18 Average Capacity 9 | 6 8 8 10 18 Most Carried 10 | 4 8 8 9 10 Average Carried 7 | 2 6 7 8 9 Final Capacity 18 | 8 8 8 18 18 Final Carried 10 | 4 8 8 9 10 Class Distribution -------------------- 100% | Mutant Dominant Class ---------------- Mutant | -10/Materials Mutant | -10/Mines Mutant | -10/Exiles Mutant | -9/Mines Resources | -11 -10 -10 -10 -9 ----------- Run | Scr Mat Min Exi Min Matter Collected 522 | 101 240 157 . 24 Remotely . | . . . . . Salvage Created 733 | 69 468 196 . . Parts 41 | 1 32 8 . . Haulers Intercepted . | . . . . . Recyclers Shooed 1 | . . 1 . . Parts Field Recycled . | . . . . . Retrieved Matter . | . . . . . Parts Self-Destructed . | . . . . . Prevented . | . . . . . Kills | -11 -10 -10 -10 -9 ------- Run | Scr Mat Min Exi Min Combat Hostiles Destroyed 16 | . 13 3 . . Guns 16 | . 13 3 . . Classes Destroyed 3 | 1 2 . . . Recycler 3 | 1 1 1 . . Swarmer 6 | . 6 . . . Grunt 10 | . 7 3 . . Best Kill Streak 6 | 1 6 3 . . Combat Bots Only 5 | . 5 2 . . Max Kills in Single Turn 1 | 1 1 1 . . Gunslinging . | . . . . . Exploded . | . . . . . Melee . | . . . . . Uniques/NPCs Destroyed . | . . . . . Combat | -11 -10 -10 -10 -9 -------- Run | Scr Mat Min Exi Min Damage Taken 1268 | . 405 397 . 466 Core 252 | . 58 169 . 25 Absorbed by Shields . | . . . . . Core Remaining (%) 100 | 100 . . . . Volleys Fired 70 | 4 35 31 . . Largest 2 | 2 2 1 . . Hottest 60 | 60 60 20 . . Shots Fired 82 | 8 43 31 . . Gun 82 | 8 43 31 . . Cannon . | . . . . . Launcher . | . . . . . Special . | . . . . . Kinetic 70 | 4 35 31 . . Thermal . | . . . . . Explosive . | . . . . . Electromagnetic 12 | 4 8 . . . Robot Hit Streak 25 | 6 15 25 . . Robot Miss Streak 2 | 1 2 1 . . Penetration Max . | . . . . . Secondary Targets 1 | . 1 . . . Max Gunslinging Chain 1 | . 1 . . . Shots Hit Robots 70 | 7 35 28 . . Core Hits 33 | 2 20 11 . . Critical Hits . | . . . . . Critical Kills . | . . . . . Critical Parts Destroyed . | . . . . . Melee Attacks . | . . . . . Impact . | . . . . . Slashing . | . . . . . Piercing . | . . . . . Sneak Attacks . | . . . . . Combat Hostiles . | . . . . . Follow-up Attacks . | . . . . . Damage Inflicted 991 | 88 542 361 . . Guns 953 | 88 504 361 . . Cannons . | . . . . . Explosions 38 | . 38 . . . Melee . | . . . . . Ramming . | . . . . . Kinetic 807 | 47 399 361 . . Thermal 38 | . 38 . . . Explosive . | . . . . . Electromagnetic 146 | 41 105 . . . Impact . | . . . . . Slashing . | . . . . . Piercing . | . . . . . Highest Corruption . | . . . . . Average Corruption . | . . . . . Corruption Purged . | . . . . . Overload Shots . | . . . . . Overflow Damage . | . . . . . Projectiles . | . . . . . Explosions . | . . . . . Melee . | . . . . . Knockbacks . | . . . . . Impact . | . . . . . Kinetic . | . . . . . Secondary . | . . . . . Self-Inflicted Damage . | . . . . . Shots . | . . . . . Rammed . | . . . . . Targets Rammed . | . . . . . Kicked . | . . . . . Crushed . | . . . . . Highest Temperature 7 | . 7 . . 2 Average Temperature 2 | . 2 . . 2 Received Heat Transfer 566 | . 189 297 . 80 Siege Activations . | . . . . . Robots Corrupted . | . . . . . Combat Hostiles . | . . . . . Parts Fried . | . . . . . Impact Corruptions . | . . . . . Robots Melted . | . . . . . Combat Hostiles . | . . . . . Parts Melted . | . . . . . Heat Transferred 50 | . 50 . . . Parts Sabotaged . | . . . . . Parts Stolen . | . . . . . Parts Stripped . | . . . . . Power Chain Reactions 1 | . 1 . . . Missiles Intercepted . | . . . . . Alert | -11 -10 -10 -10 -9 ------- Run | Scr Mat Min Exi Min Peak Influence 339 | 5 339 111 . . Initial 111 | . 2 111 . . Average 96 | 2 193 87 . . Maximum Alert Level 1 | . 1 . . . Low Security (%) 86 | 100 53 100 . 100 Level 1 13 | . 46 . . . Level 2 . | . . . . . Level 3 . | . . . . . Level 4 . | . . . . . Level 5 . | . . . . . High Security . | . . . . . Max Security . | . . . . . Squads Dispatched 1 | . 1 . . . Investigation 1 | . 1 . . . Extermination . | . . . . . Reinforcement . | . . . . . Assault . | . . . . . Garrison . | . . . . . Intercept . | . . . . . Construction Impeded . | . . . . . Haulers Reinforced . | . . . . . Stealth | -11 -10 -10 -10 -9 --------- Run | Scr Mat Min Exi Min Distress Signals . | . . . . . Communications Jammed . | . . . . . Distress Signals . | . . . . . Times Spotted 35 | . 14 6 . 15 Peak Tracking Total 6 | . 3 3 . 6 Tactical Retreats 4 | . . 3 . 1 Traps | -11 -10 -10 -10 -9 ------- Run | Scr Mat Min Exi Min Traps Triggered . | . . . . . Indirectly . | . . . . . Trap Hack Attempts . | . . . . . Triggered . | . . . . . Disarmed . | . . . . . Reprogrammed . | . . . . . Reused . | . . . . . Traps Extracted . | . . . . . Installed . | . . . . . Triggered . | . . . . . Machines | -11 -10 -10 -10 -9 ---------- Run | Scr Mat Min Exi Min Machines Disabled . | . . . . . Max in Single Turn . | . . . . . Machines Sabotaged . | . . . . . Garrisons Compromised . | . . . . . Overloaded Fab Kills . | . . . . . Fab Network Shutdowns . | . . . . . Hacking | -11 -10 -10 -10 -9 --------- Run | Scr Mat Min Exi Min Machines Accessed 3 | . 1 . 1 1 Terminals 1 | . 1 . . . Fabricators . | . . . . . Repair Stations . | . . . . . Recycling Units . | . . . . . Scanalyzers . | . . . . . Garrison Access . | . . . . . Total Hacks 6 | . 4 . 1 1 Successful 4 | . 2 . 1 1 Failed 2 | . 2 . . . Catastrophic . | . . . . . Database Lockouts . | . . . . . Manual 1 | . . . 1 . Terminals 4 | . 4 . . . Fabricators . | . . . . . Repair Stations . | . . . . . Recycling Units . | . . . . . Scanalyzers . | . . . . . Garrison Access . | . . . . . Terminal Hacks 4 | . 2 . 1 1 Record 2 | . 2 . . . Open Door 1 | . . . . 1 EX-Prototype ID Bank 1 | . . . 1 . Fabricator Hacks . | . . . . . Repair Station Hacks . | . . . . . Recycling Unit Hacks . | . . . . . Scanalyzer . | . . . . . Garrison Access Hacks . | . . . . . Unauthorized Hacks . | . . . . . Terminals . | . . . . . Fabricators . | . . . . . Repair Stations . | . . . . . Recycling Units . | . . . . . Scanalyzers . | . . . . . Garrison Access . | . . . . . Data Cores Recovered . | . . . . . Used . | . . . . . Hacking Detections 1 | . 1 . . . Full Trace Events 1 | . 1 . . . Feedback Events . | . . . . . Feedback Blocked . | . . . . . Robot Schematics Acquired . | . . . . . Robots Built . | . . . . . Matter . | . . . . . Time . | . . . . . Total Robot Build Rating . | . . . . . Part Schematics Acquired . | . . . . . Parts Built . | . . . . . Matter . | . . . . . Time . | . . . . . Total Part Build Rating . | . . . . . Parts Repaired . | . . . . . Time . | . . . . . Parts Recycled . | . . . . . Recycled Matter . | . . . . . Retrieved Matter . | . . . . . Retrieved Components . | . . . . . Parts Scanalyzed . | . . . . . Part Schematics Acquired . | . . . . . Parts Damaged . | . . . . . Bothacking | -11 -10 -10 -10 -9 ------------ Run | Scr Mat Min Exi Min Used RIF Installer . | . . . . . Robots Hacked . | . . . . . Non-combat . | . . . . . Combat . | . . . . . Robot Hacks Applied . | . . . . . Relay Couplers Released . | . . . . . Robots Rewired . | . . . . . Allies Hacked . | . . . . . Hacks Repelled . | . . . . . Allies | -11 -10 -10 -10 -9 -------- Run | Scr Mat Min Exi Min Total Allies 3 | . . . . 3 Largest Group 3 | . . . . 3 Highest-Rated Group 40 | . . . . 40 Highest-Rated Ally 16 | . . . . 16 Total Orders . | . . . . . Ally Attacks 8 | . . . . 8 Total Damage 53 | . . . . 53 Kills 1 | . . . . 1 Allies Corrupted 1 | . . . . 1 Allies Melted . | . . . . . Intel | -11 -10 -10 -10 -9 ------- Run | Scr Mat Min Exi Min Robot Analysis Total . | . . . . . Derelict Logs Recovered 1 | . . 1 . . Drone Launches . | . . . . . Drone Recoveries . | . . . . . Exploration | -11 -10 -10 -10 -9 ------------- Run | Scr Mat Min Exi Min Turns Passed 2070 | 84 375 621 759 231 Spaces Moved 961 | 32 111 232 461 125 Core 329 | 32 108 189 . . Treads 466 | . . . 341 125 Legs 166 | . 3 43 120 . Wheels . | . . . . . Hover . | . . . . . Flight . | . . . . . Fastest Speed 50 | 50 120 120 150 180 Average Speed 192 | 185 247 230 163 180 Slowest Speed 250 | 250 250 250 180 180 Overloaded Moves . | . . . . . Propulsion Burnouts . | . . . . . Robots Hopped . | . . . . . Cave-ins Triggered . | . . . . . Exploration Rate (%) 43 | 4 33 58 71 50 Regions Visited 4 Branch Regions 3 Pre-discovered Areas . | . . . . . Known Exits Taken . | . . . . . Unknown Exits Taken 4 | 1 1 1 1 . Scrap Searched 3 | . . 2 . 1 Spaces Dug . | . . . . . Terrain Destroyed 2 | . 2 . . . Melee . | . . . . . Projectile . | . . . . . AOE 2 | . 2 . . . Terrain Rammed . | . . . . . Walls Destroyed . | . . . . . Machines Disabled . | . . . . . Actions | -11 -10 -10 -10 -9 --------- Run | Scr Mat Min Exi Min Total 1103 | 46 171 286 469 131 Wait 37 | . 16 16 . 5 Move 957 | 31 110 231 460 125 Hop . | . . . . . Pick Up 14 | 4 5 3 1 1 Fast Attach 9 | 7 . 2 . . Attach 3 | . 1 1 1 . Detach . | . . . . . Swap 6 | . 2 . 4 . Drop 7 | . 2 2 3 . Fire 70 | 4 35 31 . . Melee . | . . . . . Ram . | . . . . . Kick . | . . . . . Crush . | . . . . . Escape Stasis . | . . . . . Rewire . | . . . . . Trap . | . . . . . Miscellaneous . | . . . . . Route ------- -11/Scrapyard -10/Materials -10/Mines (discovered 3 exits: [*Mat x2] / *Exi) -10/Exiles -9/Mines (discovered 1 exit: [*Mat]) History --------- Turn | Location | Event 9 | -11/Scrapyard | Discovered new exit (range 15) 85 | -11/Scrapyard | Entered Materials 313 | -10/Materials | Build established: Mutant 428 | -10/Materials | Discovered new exit (range 6) 460 | -10/Materials | Entered Mines 467 | -10/Mines | Met a Derelict bent on vengeance 609 | -10/Mines | Discovered new exit (range 11) 634 | -10/Mines | Learned Materials trap positions 659 | -10/Mines | Deemed a non-threat by the Exiles lab entrance 661 | -10/Mines | Discovered new exit (range 5) 863 | -10/Mines | Discovered new exit (range 9) 979 | -10/Mines | Core integrity fell below 50% 998 | -10/Mines | Core integrity fell below 20% 1081 | -10/Mines | Entered Exiles 1116 | -10/Exiles | Met 8R-AWN 1143 | -10/Exiles | Met EX-HEX 1192 | -10/Exiles | Met EX-BIN 1213 | -10/Exiles | Aligned with FarCom system 1215 | -10/Exiles | Given EX-Vault access code 1251 | -10/Exiles | Opened EX-Vault 1267 | -10/Exiles | Found AWS/Gauss 1301 | -10/Exiles | Warned to stay clear of 0b10 Research branches 1426 | -10/Exiles | Met EX-DEC 1821 | -10/Exiles | Discovered new exit (range 12) 1840 | -10/Exiles | Left Exiles lab with AWS/Gauss 1840 | -10/Exiles | Entered Mines 1920 | -9/Mines | Assisted by bots powering up and referring to "LRC-V3" 1948 | -9/Mines | Discovered new exit (range 7) 2017 | -9/Mines | Assembled infested the area 2025 | -9/Mines | Found the Drone Emporium 2036 | -9/Mines | Found Prototype Device 2071 | -9/Mines | Destroyed by D-53 Grenadier with Mini Grenade Launcher Last Messages --------------- 02044_ SHOP.Sys disabled. 02044_ SW-WOG(g) destroyed. 02048_ The unstable cave ceiling collapses. 02048_ Machine disabled. 02049_ The unstable cave ceiling collapses. 02051_ as-06730 destroyed. 02052_ as-44942 destroyed. 02053_ The unstable cave ceiling collapses. 02055_ U-05 Engineer lays Concrete. 02055_ as-11131 destroyed. 02057_ U-05 Engineer lays Concrete. 02057_ Particle Gun destroyed. 02058_ U-05 Engineer lays Concrete. 02062_ The unstable cave ceiling collapses. 02062_ as-84381 destroyed. 02064_ The unstable cave ceiling collapses. 02067_ Grenade Launcher destroyed. 02067_ as-61201 destroyed. 02069_ Ion Engine destroyed. 02070_ Lgt. Treads destroyed. Map ----- +----------------------------------------------------+ | | | | | | | | | | | | | | | | | | | | | | | | | | | | | | | | | | | ?????????????????????????????????????????????????? | | ?????????????????????????????????????????????????? | | ??????????????????????????#####??????????????????? | | ???????????????????????### ##?????????????????? | | ??????????????????????## ##????????????????? | | ?????????????????????## ?? ##????????????? | | ????????????????????## a ? ##???????????? | | ?????????????## ????# #< ????????????? | | ????????????## ??## @ #???????????????????? | | ????????????# ## #???????????????????? | | ?????????????????# #???????????????????? | | ?????????????????# #???????????????????? | | ???????????????### ##???????????????????? | | ????????????# # #????????????????????? | | ????????????# # ##???????????????????? | | ????????????# ## #???????????????????? | | ???????? ## ??# d #???????????????????? | | ?????? ?# d #?????????????????? ? | | ?????? ?# ####??????????????? | | ????? ?# "##?????????????? | | ????? ## # "#?????????????? | | ????# # # "#?????????????? | | ????# ##??????????????# | | ?????# ###??????????????# | | ??????# #??????????????# | | ??????# #??????????????# | | ??????# % #?????????????# | | ??????# #?????????????# | | ???????# ###?????????????# | | ???????# =*! # ##??????????????## | | ???????# ## =%## ### #??????????????## | | ???? ???## |######?### ##????????????### | | ??? ?????????## ##????????####????????????## | +----------------------------------------------------+ Best States ------------- Heat Dissipation 25 Energy Generation 10 Energy Capacity 250 Matter Stores 300 Matter Capacity 300 Sight Range 16 Terrain Scan Density 10 Resistance: KI 20 Resistance: TH 20 Resistance: EX 20 Resistance: EM 20 Resistance: I 20 Resistance: S 20 Resistance: P 20 Evasion (%) 40 Recoil Reduction 2 Offensive Hacking 10 Item Schematics ----------------- None Robot Schematics ------------------ None Fabricated ------------ Nothing Alien Tech Used ----------------- None Achievements -------------- None Challenges ------------ None Game ------ Seed HardenedSpectralRegenerator Manual? 0 Play Time 00:14:27 Cumulative 55.6 hours Start 2022.02.27 @ 02:21:26 End 2022.02.27 @ 02:34:19 Sessions 1 Manual Loads 0 Difficulty Adventurer Special Mode None Game No. 68 Rogue 29 Adventurer 39 Explorer 0 Win Type - Total 0 Types 0/0/0/0/0/0/0/0/0 Lore% 21 Gallery% 42 Achievement% 25 Wizard Run 0 Options --------- ASCII 0 Keyboard 0 Movement Mouse Keybinds 0 Fullscreen 2 Font 16/Proggy Map View 76x50 Tactical HUD 1 Map Filters NONE Filters NONE Steam 1 RUN: e9b10dcc-ede3-44ab-a955-e820794df332